 Dungeon Crawl Stone Soup version 0.20.1-1-g8b1a95d (webtiles) character file.

127 Merkmirnix the Chopper (level 4, -1/41 HPs)
             Began as a Minotaur Berserker on July 3, 2017.
             Was a Priest of Trog.
             Slain by Sigmund
             ... wielding a +0 scythe
              (7 damage)
             ... on level 3 of the Dungeon.
             The game lasted 00:05:38 (1622 turns).

Merkmirnix the Chopper (Minotaur Berserker)         Turns: 1622, Time: 00:05:38

Health: -1/41      AC:  2    Str: 23    XL:     4   Next: 85%
Magic:  3/3        EV: 12    Int:  4    God:    Trog [***...]
Gold:   139        SH:  0    Dex:  9    Spells: 3/3 levels left

rFire    . . .     SeeInvis .   a - +0 hand axe
rCold    . . .     Gourm    .   (no shield)
rNeg     . . .     Faith    .   b - +0 animal skin
rPois    .         Spirit   .   (helmet restricted)
rElec    .         Reflect  .   (no cloak)
rCorr    .         Harm     .   (no gloves)
MR       .....                  (no boots)
Stlth    +.........             o - amulet of regeneration
Regen    0.6/turn               (no ring)
MPRegen  0.1/turn               (no ring)

@: confused, berserk cooldown, slowed, very slow
A: retaliatory headbutt, horns 2
a: Berserk, Trog's Hand, Burn Spellbooks, Renounce Religion


You were on level 3 of the Dungeon.
You worshipped Trog.
Trog was most pleased with you.
You were very hungry.

You visited 1 branch of the dungeon, and saw 3 of its levels.

You collected 139 gold pieces.

Inventory:

Hand Weapons
 a - a +0 hand axe (weapon)
Armour
 b - a +0 animal skin (worn)
Jewellery
 o - an amulet of regeneration (around neck)
 q - an uncursed ring of positive energy {unknown}
Scrolls
 d - a scroll of enchant armour {unknown}
 e - a scroll of fear {unknown}
 f - 4 scrolls of identify {unknown}
 g - 2 scrolls of teleportation {unknown}
 i - a scroll of remove curse {unknown}
 l - 3 scrolls of immolation {unknown}
 p - a scroll of magic mapping {unknown}
 r - a scroll of recharging {unknown}
 w - a scroll of noise {unknown}
 y - a scroll of blinking {unknown}
Potions
 j - a potion of brilliance {unknown}
 k - 3 potions of flight {unknown}
 n - a potion of degeneration {unknown}
 s - a potion of heal wounds {unknown}
 t - a potion of might {unknown}
 u - a potion of haste {unknown}
 v - a potion of mutation {unknown}
 x - a potion of invisibility {unknown}
Comestibles
 c - a bread ration
 h - 2 royal jellies
 m - a meat ration
 z - a chunk of flesh


   Skills:
 + Level 4.6 Fighting
 + Level 5.5 Axes
 + Level 2.5 Armour
 + Level 3.0 Dodging
 + Level 0.1 Stealth


You had 3 spell levels left.
You didn't know any spells.

Dungeon Overview and Level Annotations

Branches:
Dungeon (3/15)

Altars:
Ashenzari
Trog

Annotations:
D:3 1 runed door, Sigmund


Innate Abilities, Weirdness & Mutations

You reflexively headbutt those who attack you in melee.
You have a pair of horns on your head.


Message History

You hit Sigmund. You headbutt Sigmund.
Sigmund is severely wounded.
Sigmund hits you with a scythe!
* * * LOW HITPOINT WARNING * * *
You hit Sigmund but do no damage.
Sigmund is severely wounded.
Sigmund hits you with a scythe.
* * * LOW HITPOINT WARNING * * *
You are feeling very hungry.
You closely miss Sigmund.
Sigmund is severely wounded.
Sigmund hits you with a scythe.
* * * LOW HITPOINT WARNING * * *
You slash Sigmund! Your headbutt misses Sigmund.
Sigmund is almost dead.
Sigmund points at you and mumbles some strange words.
You are confused.
Sigmund misses you.
You bump into the rock wall.
Sigmund hits you with a scythe!
You die...

#.# #.# #.# #.# #.# #..
..# #.######## ..#
#....(...# ..#
#.######.# .# #.#
####@#
.########.#......@....#
.................####.#
####.........#####
#.#.####...#
##.###.######### ..##
##........# #.#
..)###..###.##.# #.#.#
.##.#...# #.##.# #.#.#


You could see Sigmund.

Vanquished Creatures
  2 adders (D:2)
  3 gnolls (D:3)
  4 worms
  3 dart slugs
  4 leopard geckos
  An orc (D:3)
  A ball python (D:2)
  6 bats
  A giant cockroach (D:1)
  7 goblins
  5 hobgoblins
  4 jackals (D:2)
  4 kobolds
  A quokka (D:3)
  5 frilled lizards
  10 rats
61 creatures vanquished.

Notes
Turn   | Place    | Note
-------+----------+-------------------------------------------
     0 | D:1      | Merkmirnix the Minotaur Berserker began the quest for the Orb.
     0 | D:1      | Reached XP level 1. HP: 19/19 MP: 0/0
   100 | D:1      | Reached XP level 2. HP: 27/27 MP: 1/1
   148 | D:1      | Reached skill level 4 in Axes
   294 | D:1      | Reached ** piety under Trog
   754 | D:2      | Reached XP level 3. HP: 29/33 MP: 2/2
   863 | D:2      | Found a shattered altar of Ashenzari.
  1105 | D:2      | Reached skill level 5 in Axes
  1105 | D:2      | Reached XP level 4. HP: 31/41 MP: 3/3
  1432 | D:3      | Found a bloodstained altar of Trog.
  1434 | D:3      | Reached *** piety under Trog
  1534 | D:3      | Found a runed door.
  1609 | D:3      | Noticed Sigmund
  1622 | D:3      | Slain by Sigmund

Skill      XL: |  1  2  3  4 |
---------------+-------------+-----
Fighting       | 4 |  4.6
Axes           | 4 5 |  5.5
Dodging        | 3 |  3.0
Armour         | |  2.5
Stealth        | |  0.1

Action                   |  1- 3 |  4- 6 || total
-------------------------+-------+-------++-------
Melee: Hand axe          |    69 |    49 ||   118
       Headbutt          |    12 |     9 ||    21
Invok: Berserk           |       |     2 ||     2
  Use: Scroll            |     1 |       ||     1
 Stab: Sleeping          |     2 |       ||     2
  Eat: Chunk             |       |     3 ||     3
Armor: Animal skin       |     7 |     7 ||    14
Dodge: Dodged            |    43 |    28 ||    71
